 Dungeon Crawl Stone Soup version 0.29-a0-344-ge2f44be95a (webtiles) character file.

Game seed: 8484244540501428351

5033 spaghetti the Protected (level 10, -15/70 HPs)
             Began as a Mummy Fighter on Apr 21, 2022.
             Was an Initiate of Gozag.
             Demolished by a two-headed ogre
             ... wielding a +0 giant spiked club
              (20 damage)
             ... on level 9 of the Dungeon.
             The game lasted 00:21:05 (11547 turns).

spaghetti the Protected (Mummy Fighter)            Turns: 11547, Time: 00:21:05

Health: -15/70     AC: 28    Str: 30    XL:     10   Next: 30%
Magic:  10/10      EV:  6    Int:  8    God:    Gozag
Gold:   324        SH:  5    Dex: 11    Spells: 9/9 levels left

rFire   x . .      SeeInvis .   m - +3 executioner's axe {axerare=g}
rCold   + . .      Faith    .   (shield currently unavailable)
rNeg    + + +      Spirit   .   e - +1 crystal plate armour {rare=g}
rPois   ∞          Reflect  +   x - +2 helmet
rElec   .          Harm     .   (no cloak)
rCorr   .          Rampage  .   r - +0 pair of gloves
Will    ++...                   (no boots)
Stlth   ..........              j - amulet of reflection
HPRegen 0.21/turn               s - +6 ring of strength
MPRegen 0.12/turn               h - ring of willpower

@: no status effects
A: cold resistance 1, negative energy resistance 3, torment resistance 2, heat
vulnerability 1, in touch with death 1, no potions
a: Renounce Religion, Potion Petition, Call Merchant, Bribe Branch


You were on level 9 of the Dungeon.
You worshipped Gozag.
Gozag was aware of your devotion.
You visited 1 branch of the dungeon, and saw 9 of its levels.

You collected 1298 gold pieces.
You paid 974 gold pieces to Gozag.


Innate Abilities, Weirdness & Mutations

You are immune to poison.
Your flesh is cold resistant. (rC+)
You are immune to negative energy. (rN+++)
You are immune to unholy pain and torment.
You are vulnerable to heat. (rF-)
You are in touch with the powers of death.
You do not drink.


   Skills:
 - Level 3.0 Fighting
 - Level 1.3(1.7) Axes
 - Level 1.5(1.9) Maces & Flails
 + Level 12.9 Armour
 - Level 0.2 Dodging
 - Level 2.4 Shields


You had 9 spell levels left.
You didn't know any spells.
Your spell library contained the following spells:

 Spells                   Type           Power      Damage    Failure   Level
 Shock                    Conj/Air       0%         1d3       100%        1
 Conjure Flame            Conj/Fire      0%         6-21      100%        3
 Dazzling Flash           Conj/Hex       0%         N/A       100%        3
 Gell's Gravitas          Tloc           0%         N/A       100%        3
 Ignite Poison            Fire/Tmut/Pois 0%         N/A       100%        3
 Inner Flame              Hex/Fire       0%         N/A       100%        3
 Lesser Beckoning         Tloc           0%         N/A       100%        3
 Swiftness                Air            0%         N/A       100%        3
 Teleport Other           Tloc           0%         N/A       100%        3
 Airstrike                Air            0%         N/A       100%        4
 Cause Fear               Hex            0%         N/A       100%        4
 Iskenderun's Mystic Bla  Conj/Tloc      0%         2d3       100%        4
 Petrify                  Tmut/Erth      0%         N/A       100%        4
 Sticky Flame             Conj/Fire      0%         2d3       100%        4
 Irradiate                Conj/Tmut      0%         3d13      100%        5
 Starburst                Conj/Fire      0%         6d3       100%        6
 Discord                  Hex            0%         N/A       100%        8
 Sublimation of Blood     Necr           Unusable   N/A       N/A         2

Inventory:

Hand Weapons
 a - the +6 dagger of Callousness {elec, rPois rCorr Int+5 Dex-4, short}
   (You found it on level 2 of the Dungeon)

   It occasionally discharges a powerful burst of electricity upon striking a
   foe.
   Int:       It affects your intelligence (+5).
   Dex:       It affects your dexterity (-4).
   rPois:     It protects you from poison.
   rCorr:     It protects you from acid and corrosion.
 b - a +1 hunting sling of flaming {sling}
   (You found it on level 1 of the Dungeon)
 m - a +3 executioner's axe (weapon) {axerare=g}
   (You found it on level 1 of the Dungeon)
Missiles
 d - 334 stones (quivered) {throwing}
 k - 44 poisoned darts {throwing}
 l - 16 boomerangs {throwing}
 q - 4 curare-tipped darts {=fthrowing}
 z - 6 atropa-tipped darts {throwing}
 A - 3 javelins {throwing}
Armour
 e - a +1 crystal plate armour (worn) {rare=g}
   (You acquired it on level 1 of the Dungeon)
 r - a +0 pair of gloves (worn)
   (You found it on level 4 of the Dungeon)
 x - a +2 helmet (worn)
   (You found it on level 6 of the Dungeon)
Magical Staves
 i - a staff of conjuration {!a@e2staff}
   (You found it on level 1 of the Dungeon)
 v - a staff of death {!astaff}
   (You found it on level 5 of the Dungeon)
Jewellery
 h - a ring of willpower (right hand)
   (You found it on level 1 of the Dungeon)
 j - an amulet of reflection (around neck)
   (You found it on level 5 of the Dungeon)
 s - a +6 ring of strength (left hand)
   (You found it on level 4 of the Dungeon)
 B - a ring of flight
   (You found it on level 8 of the Dungeon)
 F - a +4 ring of evasion
   (You found it on level 8 of the Dungeon)
Wands
 p - a wand of polymorph (2)
   (You found it on level 2 of the Dungeon)
 w - a wand of mindburst (6)
   (You took it off Ijyb on level 4 of the Dungeon)
 D - a wand of iceblast (11)
   (You found it on level 8 of the Dungeon)
 E - a wand of acid (10)
   (You found it on level 8 of the Dungeon)
Scrolls
 c - a scroll of magic mapping {!r}
 f - 2 scrolls of holy word {!r}
 o - 2 scrolls of fog
 t - 2 scrolls of teleportation {@r4}
Miscellaneous
 u - a lightning rod (4/4)
   (You found it on level 4 of the Dungeon)

Dungeon Overview and Level Annotations

Branches:
Dungeon (9/15)             Temple (0/1) D:5
   Lair: D:8-11         Orc: D:9-12

Altars:
Ashenzari
Elyvilon
Gozag
Makhleb
Nemelex Xobeh
Qazlal
Ru
Sif Muna

Shops:
D:7 *   D:8 [

Annotations:
D:4 4 runed translucent doors
D:8 1 exclusion
D:9 2 transporters, experimilk's ghost, novice PaFi

.............
.............
#.####....## ##.#.#
#. #.# #.#.#
#.####.# #.#..
......## #.###.
####.....####.# .
#@.##...##.<#.#
#.O.#...#...#O#
###.[#...#..##.###.
#.###.....###......
##.....[.......####.
###.......⌠......#
#................#
#.######.....#####
#!# +#...#..##


You could see a two-headed ogre.


Message History

As you read the scroll of blinking {!r}, it crumbles to dust.
Things that are here:
a +0 robe; a +0 halberd of protection {polearm} 😨 HP[+1]
There is a stone staircase leading up here.
You climb upwards.
Level annotation: 1 exclusion
There is a stone staircase leading down here.
You now have 324 gold pieces (gained 8).
Things that are here:
a +0 robe; a +0 great sword {long} 😨 HP[+1]
There is an entrance to Hopnin's Armour Boutique here.
There is a stone staircase leading up here. 😨 HP[+1]
You start resting. 😎 HP[+45]
Your hp is fully restored (70).
There is a stone staircase leading up here.
You climb upwards.
There is a stone staircase leading down here.
You enter the shallow water.
Moving in this stuff is going to be slow.
There is a stone staircase leading down here.
You climb downwards.
Level annotation: 1 exclusion
There is a stone staircase leading up here.
The +6 dagger of Callousness {elec, rPois rCorr Int+5 Dex-4, short} stops crackling.
Your +1 hunting sling of flaming {sling} bursts into flame!
b - a +1 hunting sling of flaming (weapon)
{sling}
(D) Dungeon (T) Temple
Where to? (Enter - D:7 @ (x,y), ? - help)
You see here a +0 chain mail.
There is a stone staircase leading down here.
You climb downwards.
Level annotation: 2 transporters, experimilk's ghost, novice PaFi The two-headed ogre hits you with a +0 giant spiked club.
The two-headed ogre hits you with a +0 giant club!
There is a stone staircase leading up here. 😕 HP[-17]
You take 17 damage, and now have 53/70 hp.
MASSIVE DAMAGE!! (PAUSE)
Your +1 hunting sling of flaming {sling} stops flaming.
You feel clever.
You feel clumsy.
You hear the crackle of electricity.
a - the +6 dagger of Callousness (weapon)
{elec, rPois rCorr Int+5 Dex-4, short} The two-headed ogre hits you but does no damage. x2
You hit the two-headed ogre.
You completely miss the two-headed ogre.
The two-headed ogre hits you but does no damage. x2 😕 HP[+1]
You hit the two-headed ogre.
The two-headed ogre hits you with a +0 giant spiked club.
The two-headed ogre completely misses you. 😮 HP[-5]
You take 5 damage, and now have 49/70 hp.
You barely miss the two-headed ogre.
The +6 dagger of Callousness {elec, rPois rCorr Int+5 Dex-4, short} stops crackling.
m - a +3 executioner's axe (weapon)
{axerare=g} The two-headed ogre barely misses you.
The two-headed ogre hits you with a +0 giant club. 😮 HP[-1]
You take 1 damage, and now have 48/70 hp.
You barely miss the two-headed ogre.
The two-headed ogre hits you but does no damage. x2 😮 HP[+1]
You hit the two-headed ogre but do no damage.
You block the two-headed ogre's attack.
The two-headed ogre completely misses you.
You slice the two-headed ogre!!
The two-headed ogre hits you with a +0 giant spiked club!!
* * * LOW HITPOINT WARNING * * *
The two-headed ogre hits you with a +0 giant club.
* * * LOW HITPOINT WARNING * * *
😱 HP[-32]
You take 32 damage, and now have 17/70 hp.
MASSIVE DAMAGE!! (PAUSE) Unknown command.
You hit the two-headed ogre.
The two-headed ogre hits you but does no damage.
You block the two-headed ogre's attack.
The two-headed ogre completely misses you.
You block the two-headed ogre's attack. 😨 HP[+1]
You hit the two-headed ogre.
The two-headed ogre hits you with a +0 giant spiked club!
* * * LOW HITPOINT WARNING * * *
You block the two-headed ogre's attack. 😱 HP[-11]
You take 11 damage, and now have 7/70 hp.
You slice the two-headed ogre!! The two-headed ogre barely misses you.
The two-headed ogre hits you with a +0 giant club.
* * * LOW HITPOINT WARNING * * *
😱 HP[-3]
You take 3 damage, and now have 4/70 hp.
You hit the two-headed ogre.
The two-headed ogre hits you with a +0 giant spiked club!!
You die...
Your body crumbles into a pile of gold.

Skill      XL: |  1  2  3  4  5  6  7  8  9 |
---------------+----------------------------+-----
Armour         | 3 4 5 6 8 10 12 | 12.9
Axes           | 1 |  1.3
Fighting       | |  3.0
Maces & Flails | |  1.5
Dodging        | |  0.2
Shields        | |  2.4

Action                   |  1- 3 |  4- 6 |  7- 9 | 10-12 || total
-------------------------+-------+-------+-------+-------++-------
Melee: Flail             |    14 |       |       |       ||    14
       Executioner's axe |    40 |       |       |     7 ||    47
       Dagger            |    20 |   110 |   386 |    46 ||   562
       Punch             |       |       |     1 |     1 ||     2
 Fire: Hunting sling     |    73 |   100 |   194 |    25 ||   392
Throw: Stone             |     6 |     8 |     5 |       ||    19
Invok: Call Merchant     |       |       |     1 |       ||     1
       Potion Petition   |       |       |       |     1 ||     1
  Use: Scroll            |     1 |       |    12 |     5 ||    18
 Stab: Distracted        |       |       |     2 |       ||     2
Armor: Scale mail        |     7 |       |       |       ||     7
       Crystal plate arm |   137 |   171 |   508 |    87 ||   903
Dodge: Dodged            |    28 |    34 |   168 |    26 ||   256
Block: Buckler           |     1 |       |       |       ||     1
       Other             |       |       |   125 |    27 ||   152
       Reflection        |       |       |     2 |       ||     2

Levels and vault maps discovered:
D:1:      nicolae_arrival_washed_ashore, layout_loops_corners,
          chequers_ecumenical_altar_grove, supply_closet_lemuel,
          minmay_hexomino_p4
D:2:      layout_basic, grunt_ministairs_4, palyth_stone_intersect,
          minmay_indecisive_spiral
D:3:      layout_basic, minitemple, minivault_19,
          minmay_misc_feat_secret_circle, chequers_serial_rivers_room_b,
          dk_noncrumbling_4, minmay_misc_feat_pillars
D:4:      layout_loops_ring, minmay_misc_feat_room,
          minmay_hollow_rounded_squares
D:5:      layout_cave_pools, minmay_temple_entry_statues, uniq_ijyb
D:6:      layout_basic, uniq_eustachio
D:7:      layout_basic, mainiacjoe_overflow_24_doors,
          mainiacjoe_overflow_alcove_1, st_stairs_1,
          chequers_serial_rivers_small_3, hangedman_decor_opposing,
          minmay_misc_feat_enclosed, chequers_arboretum, minmay_hedge_maze,
          grunt_decor_mini_mirrors, minmay_misc_feat_roman, uniq_duvessa
D:8:      layout_cave_pods, lemuel_tele_altar, serial_shops,
          nicolae_stop_n_shop_1, hangedman_decor_clover_reticule
D:9:      layout_loops_ring, gammafunk_ghost_stat_death, grunt_ministairs_6

Notes
Turn   | Place    | Note
-------+----------+-------------------------------------------
     0 | D:1      | spaghetti the Mummy Fighter began the quest for the Orb.
     0 | D:1      | Reached XP level 1. HP: 18/18 MP: 1/1
     0 | D:1      | magus.rc [v1.9.6]
    11 | D:1      | You pick up a book of Air and begin reading...
    11 | D:1      | You add the spells Shock, Swiftness and Airstrike to your
                  | library.
   248 | D:1      | g - a +0 executioner's axe {axerare=g}
   249 | D:1      | Identified a scroll of acquirement
   249 | D:1      | Acquired a +0 crystal plate armour
   250 | D:1      | e - a +0 crystal plate armour {rare=g}
   264 | D:1      | You finish putting on your +0 crystal plate armour
                  | {rare=g}.
   270 | D:1      | g - a +0 executioner's axe (weapon) {axerare=g}
   320 | D:1      | Reached XP level 2. HP: 24/24 MP: 2/2
   490 | D:1      | g - a +0 executioner's axe (weapon) {axerare=g}
   493 | D:1      | Reached skill level 3 in Armour
   546 | D:1      | Found a faded altar of an unknown god.
   573 | D:1      | b - a +0 executioner's axe {axerare=g}
   574 | D:1      | b - a +0 executioner's axe (weapon) {axerare=g}
   672 | D:1      | b - a +0 executioner's axe (weapon) {axerare=g}
   786 | D:1      | b - a +0 executioner's axe (weapon) {axerare=g}
   824 | D:1      | Reached skill level 1 in Axes
   847 | D:1      | b - a +0 executioner's axe (weapon) {axerare=g}
   852 | D:1      | Gained mutation: You are in touch with the powers of death.
                  | [Mummy growth]
   852 | D:1      | Reached XP level 3. HP: 29/29 MP: 3/3
   887 | D:1      | b - a +0 executioner's axe (weapon) {axerare=g}
  1019 | D:1      | b - a +0 executioner's axe (weapon) {axerare=g}
  1329 | D:2      | b - a +0 executioner's axe (weapon) {axerare=g}
  1409 | D:2      | Identified the +6 dagger of Callousness {elec, rPois rCorr
                  | Int+5 Dex-4}
  1478 | D:2      | m - a +0 executioner's axe {axerare=g}
  1657 | D:2      | Reached XP level 4. HP: 34/35 MP: 4/4
  2596 | D:3      | HP: 8/35 [orc priest/divine providence (16)]
  2600 | D:3      | Reached skill level 4 in Armour
  3041 | D:3      | Reached XP level 5. HP: 41/41 MP: 5/5
  3051 | D:3      | You pick up a book of Spectacle and begin reading...
  3051 | D:3      | You add the spells Dazzling Flash, Iskenderun's Mystic
                  | Blast and Starburst to your library.
  3367 | D:3      | Found a shimmering blue altar of Sif Muna.
  3369 | D:3      | Found an opulent altar of Gozag.
  3370 | D:3      | Found a sacrificial altar of Ru.
  3373 | D:3      | Found a broken altar of Ashenzari.
  3377 | D:3      | You pick up a book of Hexes and begin reading...
  3377 | D:3      | You add the spells Inner Flame, Cause Fear and Discord to
                  | your library.
  3786 | D:3      | Became a worshipper of Gozag Ym Sagoz the Greedy
  3949 | D:4      | Reached skill level 5 in Armour
  3982 | D:4      | Reached XP level 6. HP: 37/47 MP: 6/6
  4101 | D:4      | Found a large runed translucent door.
  4102 | D:4      | Found a large runed translucent door.
  4104 | D:4      | Noticed a water moccasin
  4153 | D:4      | Found a large runed translucent door.
  4153 | D:4      | Found a large runed translucent door.
  4390 | D:4      | Reached skill level 6 in Armour
  4394 | D:4      | Reached XP level 7. HP: 17/52 MP: 7/7
  5238 | D:5      | Entered Level 5 of the Dungeon
  5240 | D:5      | Noticed Ijyb
  5254 | D:4      | Killed Ijyb
  5485 | D:5      | HP: 12/52 [iguana (8)]
  5489 | D:5      | HP: 5/52 [iguana (4)]
  5764 | D:5      | your +0 executioner's axe {axerare=g} glows red for a
                  | moment.
  5765 | D:5      | your +1 executioner's axe {axerare=g} glows red for a
                  | moment.
  5770 | D:5      | your +0 crystal plate armour {rare=g} glows green for a
                  | moment.
  5791 | D:5      | Reached skill level 7 in Armour
  6073 | D:5      | Found a staircase to the Ecumenical Temple.
  6220 | D:5      | Reached skill level 8 in Armour
  6220 | D:5      | Reached XP level 8. HP: 53/58 MP: 8/8
  6485 | D:6      | Noticed Eustachio
  6494 | D:6      | Killed Eustachio
  6504 | D:6      | You pick up a book of Alchemy and begin reading...
  6504 | D:6      | You add the spells Petrify and Irradiate to your library.
  6775 | D:6      | Reached skill level 9 in Armour
  7560 | D:7      | Reached skill level 10 in Armour
  7560 | D:7      | Reached XP level 9. HP: 47/63 MP: 9/9
  7830 | D:7      | You pick up a book of Displacement and begin reading...
  7830 | D:7      | You add the spells Lesser Beckoning, Gell's Gravitas and
                  | Teleport Other to your library.
  8095 | D:7      | Noticed a troll
  8101 | D:7      | Killed a troll
  8305 | D:7      | Found a burning altar of Makhleb.
  8348 | D:7      | Found a sparkling altar of Nemelex Xobeh.
  8465 | D:7      | Reached skill level 11 in Armour
  8623 | D:7      | Noticed Duvessa
  8624 | D:7      | Noticed Dowan
  8642 | D:7      | Killed Duvessa
  8682 | D:7      | Killed Dowan
  9018 | D:8      | Found Hopnin's Armour Boutique.
  9071 | D:8      | your +2 executioner's axe {axerare=g} glows red for a
                  | moment.
  9574 | D:8      | Found a stormy altar of Qazlal.
  9667 | D:8      | Reached skill level 12 in Armour
  9941 | D:9      | Reached XP level 10. HP: 58/70 MP: 10/10
 10023 | D:9      | Found a transporter.
 10050 | D:9      | Found a transporter.
 10053 | D:9      | Noticed experimilk's ghost (novice PaFi)
 10067 | D:9      | You add the spells Conjure Flame, Ignite Poison and Sticky
                  | Flame to your library.
 10108 | D:9      | Noticed a five-headed hydra
 10118 | D:9      | HP: 13/70 [five-headed hydra (10)]
 10134 | D:9      | Killed a five-headed hydra
 10217 | D:9      | Noticed a two-headed ogre
 10587 | D:8      | HP: 16/70 [two-headed ogre/+0 giant spiked club (25)]
 11105 | D:9      | Noticed a two-headed ogre
 11540 | D:9      | m - a +3 executioner's axe (weapon) {axerare=g}
 11543 | D:9      | HP: 17/70 [two-headed ogre/+0 giant spiked club (6)]
 11545 | D:9      | HP: 7/70 [two-headed ogre/+0 giant spiked club (11)]
 11547 | D:9      | Demolished by a two-headed ogre

Vanquished Creatures
  A troll (D:7)
  A hornet (D:7)
  2 shadows
  A vampire (D:9)
  A wyvern (D:8)
  Eustachio (D:6)
  3 water moccasins
  Duvessa (D:7)
  2 ice beasts
  An orc warrior (D:6)
  A sky beast (D:7)
  2 ogres
  A centaur (D:7)
  2 kobold brigands
  A phantom (D:6)
  2 scorpions (D:5)
  6 bullfrogs
  9 wights
  Dowan (D:7)
  4 killer bees (D:8)
  A howler monkey (D:4)
  3 hounds
  A jelly (D:6)
  2 orc priests
  A gnoll shaman (D:4)
  Ijyb (D:4)
  5 iguanas
  5 orc wizards
  4 gnolls (D:4)
  11 adders
  2 shadow imps (D:6)
  3 white imps
  4 ufetubi
  2 worms
  4 dart slugs
  15 orcs
  5 bats
  8 endoplasms
  7 giant cockroaches
  5 goblins
  6 hobgoblins
  9 jackals
  19 kobolds
  5 quokkas
  11 ball pythons
  6 frilled lizards
  5 rats
  A bush (D:7)
194 creatures vanquished.

Vanquished Creatures (collateral kills)
  A hydra (D:9)
1 creature vanquished.

Grand Total: 195 creatures vanquished

Table legend:
 A = Non-vault XP
 B = Vault XP
 C = Vault XP percentage of total XP
 D = Non-vault monster count
 E = Vault monster count
 F = Vault count percentage of total count
                 A         B        C        D         E       F
            +---------+---------+-------+---------+---------+-------
      Total |    5880 |    1310 |  18.2 |     166 |      28 |  14.4
            +---------+---------+-------+---------+---------+-------
        D:1 |      59 |       2 |   3.3 |      30 |       2 |   6.2
        D:2 |      39 |      10 |  20.4 |      13 |       6 |  31.6
        D:3 |     125 |       0 |   0.0 |      26 |       0 |   0.0
        D:4 |     344 |     314 |  47.7 |      25 |      12 |  32.4
        D:5 |     626 |       0 |   0.0 |      11 |       0 |   0.0
        D:6 |     715 |     196 |  21.5 |      16 |       1 |   5.9
        D:7 |    1324 |     477 |  26.5 |      17 |       5 |  22.7
        D:8 |    1439 |       0 |   0.0 |      24 |       0 |   0.0
        D:9 |    1209 |     311 |  20.5 |       4 |       2 |  33.3
            +---------+---------+-------+---------+---------+-------

Illustrated notes

Table legend:
 A = Kills in this place as a percentage of kills in entire the game.
 B = Kills by you in this place as a percentage of kills by you in the entire game.
 C = Kills by friends in this place as a percentage of kills by friends in the entire game.
 D = Other kills in this place as a percentage of other kills in the entire game.
 E = Experience gained in this place as a percentage of experience gained in the entire game.
 F = Experience gained in this place divided by the number of levels of this place that you have seen.
                   A       B       C       D       E      F
               +-------+-------+-------+-------+-------+----------------------
         Total | 100.0 | 100.0 | 100.0 |   N/A | 100.0 | 798.9
       Dungeon | 100.0 | 100.0 | 100.0 |   N/A | 100.0 | 798.9
               +-------+-------+-------+-------+-------+----------------------

Table legend: (Time is in decaauts)
 A = Elapsed time spent in this place.
 B = Non-inter-level travel time spent in this place.
 C = Inter-level travel time spent in this place.
 D = Time resting spent in this place.
 E = Time spent auto-exploring this place.
 F = Levels seen in this place.
 G = Mean time per level.
                   A        B        C        D        E       F      G
               +--------+--------+--------+--------+--------+-----+--------+
         Total |  11985 |  11571 |    414 |   2385 |   6743 |   9 | 1331.7 |
       Dungeon |  11985 |  11571 |    414 |   2385 |   6743 |   9 | 1331.7 |
               +--------+--------+--------+--------+--------+-----+--------+

Top non-repeatable levels by time:
     D:4: 2003 daAuts
     D:7: 1934 daAuts
     D:8: 1650 daAuts
     D:1: 1419 daAuts
     D:3: 1412 daAuts
     D:2: 1073 daAuts
     D:6: 1039 daAuts
     D:5: 786 daAuts
     D:9: 666 daAuts
